 Dungeon Crawl Stone Soup version 0.30-a0-571-gdf30a72648 (webtiles) character file.

Game seed: 14370679920794063192

27930 greenreed the Bludgeoner (level 13, -2/123 HPs)
             Began as a Minotaur Fighter on Dec 29, 2022.
             Was a High Priest of Makhleb.
             Slain by a manticore (3 damage)
             ... on level 13 of the Dungeon.
             The game lasted 00:29:43 (12742 turns).

greenreed the Bludgeoner (Minotaur Fighter)        Turns: 12742, Time: 00:29:44

Health: -2/123     AC: 19    Str: 25    XL:     13   Next: 7%
Magic:  18/18      EV: 14    Int:  5    God:    Makhleb [*****.]
Gold:   854        SH: 11    Dex: 11    Spells: 12/12 levels left

rFire   . . .      SeeInvis .    T - +1 morningstar (heavy)
rCold   + . .      Faith    .    c - +0 buckler
rNeg    + . .      Spirit   .    u - +2 chain mail {rC+}
rPois   .          Reflect  +    (helmet restricted)
rElec   .          Harm     .    X - +2 cloak
rCorr   .          Rampage  .    L - +0 pair of gloves
Will    .....                    z - +0 pair of boots Stlth
                                 j - amulet of reflection
HPRegen 0.40/turn                i - +5 ring of evasion
MPRegen 0.16/turn                n - ring of positive energy

@: studying Necromancy
A: horns 2, retaliatory headbutt
a: Renounce Religion, Minor Destruction, Lesser Servant of Makhleb, Major
Destruction, Greater Servant of Makhleb


You were on level 13 of the Dungeon.
You worshipped Makhleb.
Makhleb was extremely pleased with you.
You visited 2 branches of the dungeon, and saw 13 of its levels.
You also visited: Sewer and Ossuary.

You collected 854 gold pieces.

Inventory:

Hand Weapons
 g - a +1 eveningstar of venom
 Q - a +2 heavy flail
 T - a +1 heavy morningstar (weapon)
Missiles
 J - 4 curare-tipped darts
 W - a throwing net
Armour
 c - a +0 buckler (worn)
 u - a +2 chain mail of cold resistance (worn)
 z - a +0 pair of boots (worn)
 L - a +0 pair of gloves (worn)
 V - a +0 kite shield
 X - a +2 cloak (worn)
Jewellery
 i - a +5 ring of evasion (left hand)
 j - an amulet of reflection (around neck)
 k - a ring of fire
 n - a ring of positive energy (right hand)
 A - a ring of see invisible
 M - a +6 ring of dexterity
 R - a ring of ice
Wands
 b - a wand of mindburst (23)
 N - a wand of acid (8)
 O - a wand of roots (13)
 P - a wand of digging (6)
 U - a wand of charming (3)
Scrolls
 h - 2 scrolls of summoning
 l - 7 scrolls of teleportation
 m - 4 scrolls of blinking
 o - 3 scrolls of immolation
 p - a scroll of silence
 s - 5 scrolls of vulnerability
 t - 3 scrolls of magic mapping
 v - 3 scrolls of amnesia
 y - 4 scrolls of fog
 C - 2 scrolls of poison
 G - 2 scrolls of identify
 H - 2 scrolls of enchant weapon {unknown}
 I - a scroll of noise {unknown}
 S - a scroll of torment {unknown}
Potions
 a - 3 potions of lignification
 d - 4 potions of might
 e - 7 potions of attraction
 f - 13 potions of curing
 q - 7 potions of heal wounds {unknown}
 r - a potion of degeneration {unknown}
 w - a potion of magic {unknown}
 x - 2 potions of ambrosia {unknown}
 B - 2 potions of brilliance {unknown}
 D - a potion of resistance {unknown}
 E - 5 potions of mutation {unknown}
 F - 3 potions of haste {unknown}
 K - 3 potions of flight {unknown}
Miscellaneous
 Y - a tin of tremorstones (2/2)


   Skills:
 * Level 13.6 Fighting
 - Level 16.0 Maces & Flails
 + Level 10.0 Armour
 + Level 3.6 Dodging
 + Level 1.1 Stealth
 + Level 9.4 Shields
 * Level 8.7 Invocations


You had 12 spell levels left.
You didn't know any spells.
Your spell library contained the following spells:

 Spells                   Type           Power      Damage    Failure   Level
 Slow                     Hex            0%         N/A       97%         1
 Summon Small Mammal      Summ           0%         N/A       97%         1
 Blink                    Tloc           0%         N/A       99%         2
 Momentum Strike          Conj/Tloc      0%         3d8       99%         2
 Sublimation of Blood     Necr           0%         N/A       99%         2
 Wereblood                Tmut           0%         N/A       99%         2
 Call Canine Familiar     Summ           0%         N/A       100%        3
 Confusing Touch          Hex            0%         N/A       100%        3
 Lesser Beckoning         Tloc           0%         N/A       100%        3
 Portal Projectile        Hex/Tloc       0%         N/A       100%        3
 Summon Guardian Golem    Hex/Summ       0%         N/A       100%        3
 Vampiric Draining        Necr           0%         2d6       100%        3
 Leda's Liquefaction      Hex/Erth       0%         N/A       100%        4
 Manifold Assault         Tloc           0%         N/A       100%        4
 Olgreb's Toxic Radiance  Pois           0%         N/A       100%        4
 Petrify                  Tmut/Erth      0%         N/A       100%        4
 Irradiate                Conj/Tmut      0%         3d11      100%        5
 Yara's Violent Unravell  Hex/Tmut       0%         3d3       100%        5
 Enfeeble                 Hex            0%         N/A       100%        7
 Ozocubu's Refrigeration  Ice            0%         4d7       100%        7
 Storm Form               Tmut/Air       0%         N/A       100%        7
 Summon Hydra             Summ           0%         N/A       100%        7
 Ignition                 Fire           0%         3d3       100%        8


Dungeon Overview and Level Annotations

Branches:
Dungeon (11/15)            Temple (1/1) D:5            Lair (0/5) D:10
    Orc (0/2) D:10          Sewer (visited)         Ossuary (visited)

Altars:
Ashenzari
Cheibriados
Dithmenos
Elyvilon
Fedhas
Gozag
Hepliaklqana
Kikubaaqudgha
Makhleb
Nemelex Xobeh
Okawaru
Qazlal
Ru
Sif Muna
Trog
Uskayaw
Vehumet
Wu Jian
Xom
Yredelemnul
Zin
The Shining One

Annotations:
D:10 1 runed translucent door, mampy3000's ghost, novice MiBe


Innate Abilities, Weirdness & Mutations

You have a pair of horns on your head.
You reflexively headbutt those who attack you in melee.


Message History

You stick the manticore like a pincushion!!!
The manticore is almost dead.
The manticore bites you. You block the manticore's attack.
The manticore claws you but does no damage.
The tengu warrior hits you with a +3 great mace.
The tengu warrior closely misses you. You block the tengu warrior's attack.
You miss the tengu warrior. Your headbutt misses the tengu warrior.
The manticore barely misses you.
The manticore claws you but does no damage.
The manticore misses you. You block the tengu warrior's attack.
The tengu warrior pecks you but does no damage.
You block the tengu warrior's attack.
You hit the tengu warrior.
The tengu warrior is lightly wounded.
The manticore bites you! The manticore claws you.
The manticore barely misses you.
A kobold demonologist comes into view. It is wielding a +0 dagger.
You block the tengu warrior's attack. x2; The tengu warrior closely misses you.
You miss the tengu warrior.
The tengu warrior is lightly wounded.
The manticore barely misses you. The manticore claws you.
You block the manticore's attack.
The kobold demonologist casts a spell.
The tengu warrior hits you with a +3 great mace!
The tengu warrior pecks you but does no damage.
The tengu warrior misses you. The manticore bites you.
The manticore completely misses you. The manticore claws you!
You miss the tengu warrior.
The tengu warrior is lightly wounded.
The tengu warrior hits you with a +3 great mace!!
* * * LOW HITPOINT WARNING * * *
You block the tengu warrior's attack. The tengu warrior misses you.
The manticore bites you!
* * * LOW HITPOINT WARNING * * *
The manticore barely misses you. x2
You feel better.
The tengu warrior hits you with a +3 great mace!
* * * LOW HITPOINT WARNING * * *
You block the tengu warrior's attack. x2; The manticore bites you.
You die...

#......... ..
#........##..
.##....K5......
#.#............
.......5.....
...........
#...QH# ...
#..@# .. ##..#
#.. #..###..
##...#.####
#...#....#..
###.........
##.##.#.####
###..#....#
##.........#


You could see a tengu warrior, a manticore, a kobold demonologist, a quasit
(summoned) and a white imp (summoned).

Vanquished Creatures
  A hydra (D:11)
  3 centaur warriors
  4 boulder beetles
  2 two-headed ogres (D:11)
  Nergalle (D:11)
  Urug (D:11)
  An orb spider (shapeshifter) (D:11)
  A deep troll (D:11)
  6 ugly things
  A manticore (D:11)
  3 cyclopes (D:11)
  Maurice (D:11)
  2 gargoyles (D:11)
  Psyche (D:11)
  A yaktaur (D:11)
  7 trolls
  Grinder (Sewer)
  A jumping spider (shapeshifter) (D:11)
  3 shadows (D:11)
  16 yaks
  5 wraiths
  2 humans (D:13)
  2 wyverns
  A vampire (D:11)
  A basilisk (D:11)
  2 steam dragons
  2 vampire mosquitoes (D:11)
  Menkaure (Ossuary)
  7 acid dragons
  10 orc warriors
  3 ice beasts
  A sky beast (D:8)
  6 centaurs
  An ogre (D:5)
  9 kobold brigands
  A phantom (D:6)
  2 gnoll sergeants
  2 bullfrogs
  3 scorpions
  2 necrophages
  18 killer bees
  2 electric eels (D:11)
  5 howler monkeys
  9 orc priests
  3 hounds (D:6)
  A jelly (D:4)
  2 quasits (Sewer)
  2 gnoll boudas
  4 iguanas
  Terence (D:3)
  10 orc wizards
  3 mummies (Ossuary)
  22 gnolls
  4 adders
  3 shadow imps (Sewer)
  2 white imps
  5 ufetubi (Sewer)
  A worm (D:3)
  A dart slug (D:5)
  32 orcs
  9 endoplasms
  5 giant cockroaches
  2 gnoll zombies (Ossuary)
  4 goblins
  8 hobgoblins
  3 jackals (D:4)
  5 quokkas
  4 ball pythons
  3 bats
  A frilled lizard (D:3)
  3 gnoll skeletons (Ossuary)
  7 goblin skeletons (Ossuary)
  6 goblin zombies
  3 hobgoblin skeletons (Ossuary)
  6 hobgoblin zombies (Ossuary)
  45 kobolds
  3 kobold skeletons (Ossuary)
  A kobold zombie (Ossuary)
  5 orc skeletons (Ossuary)
  7 orc zombies (Ossuary)
  3 rats
  4 rat skeletons (Ossuary)
  5 rat zombies (Ossuary)
392 creatures vanquished.

Vanquished Creatures (collateral kills)
  A boulder beetle (D:11)
  2 two-headed ogres
  An orc warrior (D:10)
  An orc wizard (D:9)
  2 orcs (D:10)
7 creatures vanquished.

Vanquished Creatures (others)
  An orc wizard (D:6)
  An orc (D:10)
  An endoplasm (Sewer)
  2 kobold zombies (Sewer)
  16 plants
21 creatures vanquished.

Grand Total: 420 creatures vanquished

Notes
Turn   | Place    | Note
-------+----------+-------------------------------------------
     0 | D:1      | greenreed the Minotaur Fighter began the quest for the Orb.
     0 | D:1      | Reached XP level 1. HP: 19/19 MP: 0/0
   129 | D:1      | Reached XP level 2. HP: 22/27 MP: 1/1
   757 | D:2      | Found a faded altar of an unknown god.
   763 | D:2      | Reached skill level 3 in Maces & Flails
   763 | D:2      | Reached XP level 3. HP: 23/33 MP: 2/2
  1136 | D:3      | Found a shimmering altar of Xom.
  1150 | D:3      | Noticed Terence
  1152 | D:3      | Found a shimmering altar of Xom.
  1152 | D:3      | Found a shimmering altar of Xom.
  1152 | D:3      | Found a shimmering altar of Xom.
  1159 | D:3      | Killed Terence
  1160 | D:3      | Found a shimmering altar of Xom.
  1160 | D:3      | Found a shimmering altar of Xom.
  1238 | D:3      | Reached XP level 4. HP: 41/41 MP: 3/3
  1970 | D:4      | Found an opulent altar of Gozag.
  2100 | D:4      | Reached skill level 4 in Maces & Flails
  2109 | D:4      | Found a shimmering blue altar of Sif Muna.
  2110 | D:4      | Found a burning altar of Makhleb.
  2195 | D:4      | Reached XP level 5. HP: 47/47 MP: 4/4
  2373 | D:5      | Entered Level 5 of the Dungeon
  2389 | D:5      | Reached skill level 5 in Maces & Flails
  2436 | D:5      | Reached skill level 5 in Fighting
  2457 | D:5      | Reached XP level 6. HP: 56/56 MP: 5/5
  2501 | D:5      | Found an iron altar of Okawaru.
  2637 | D:5      | Found a glowing drain.
  2647 | Sewer    | Entered a sewer
  2779 | Sewer    | Found a burning altar of Makhleb.
  2815 | Sewer    | Noticed Grinder
  2821 | Sewer    | Paralysed by Grinder for 4 turns
  2827 | Sewer    | Killed Grinder
  2828 | Sewer    | Reached skill level 6 in Maces & Flails
  2828 | Sewer    | Reached skill level 5 in Armour
  2828 | Sewer    | Reached XP level 7. HP: 52/62 MP: 6/6
  2840 | Sewer    | Reached skill level 1 in Dodging
  3574 | D:5      | Reached skill level 7 in Maces & Flails
  3752 | D:5      | Found a staircase to the Ecumenical Temple.
  3771 | Temple   | Entered the Ecumenical Temple
  4136 | D:4      | Became a worshipper of Makhleb the Destroyer
  4325 | D:5      | Reached skill level 5 in Shields
  4574 | D:6      | Reached XP level 8. HP: 70/70 MP: 7/7
  4659 | D:6      | Reached skill level 8 in Maces & Flails
  5126 | D:6      | Reached skill level 9 in Maces & Flails
  5815 | D:7      | Found a sand-covered staircase.
  5820 | D:7      | Reached * piety under Makhleb
  5830 | Ossuary  | Entered an ossuary
  5974 | Ossuary  | Reached ** piety under Makhleb
  6101 | Ossuary  | Noticed Menkaure
  6106 | Ossuary  | Killed Menkaure
  6107 | Ossuary  | Reached XP level 9. HP: 75/79 MP: 8/8
  6170 | D:7      | Identified a scroll of acquirement
  6178 | D:7      | Acquired a +1 eveningstar of venom
  6262 | D:7      | Reached skill level 10 in Maces & Flails
  6262 | D:7      | Reached skill level 1 in Invocations
  6279 | D:7      | Reached *** piety under Makhleb
  7027 | D:8      | Found a hide-covered altar of Uskayaw.
  7108 | D:8      | Reached skill level 11 in Maces & Flails
  7139 | D:8      | Found a sparkling altar of Nemelex Xobeh.
  7237 | D:8      | Found an ornate altar of the Wu Jian Council.
  8066 | D:9      | Found an ancient bone altar of Kikubaaqudgha.
  8127 | D:9      | Reached **** piety under Makhleb
  8320 | D:9      | Reached XP level 10. HP: 90/90 MP: 11/11
  8340 | D:9      | Reached skill level 12 in Maces & Flails
  8815 | D:9      | Noticed a two-headed ogre
  8821 | D:9      | Killed a two-headed ogre
  8903 | D:9      | Found a blossoming altar of Fedhas.
  9418 | D:10     | Entered Level 10 of the Dungeon
  9647 | D:10     | Reached skill level 5 in Invocations
  9665 | D:10     | Noticed a two-headed ogre
  9682 | D:10     | Killed a two-headed ogre
  9683 | D:10     | Reached skill level 13 in Maces & Flails
  9704 | D:10     | Reached skill level 10 in Fighting
  9716 | D:10     | Found a staircase to the Lair.
  9716 | D:10     | Found a runed translucent door.
  9716 | D:10     | Noticed a spriggan rider
  9720 | D:10     | Identified the +2 trident "Otutusm" {freeze, *Corrode rElec
                  | Dex+2 Stlth+}
  9744 | D:10     | Noticed mampy3000's ghost (novice MiBe)
  9838 | D:10     | Reached XP level 11. HP: 84/99 MP: 14/14
 10016 | D:10     | Reached ***** piety under Makhleb
 10088 | D:10     | Identified the +10 scale mail "Gunuyr" {MP+9 Int+3}
 10192 | D:10     | Found a staircase to the Orcish Mines.
 10571 | D:11     | Noticed Urug
 10580 | D:11     | Killed Urug
 10770 | D:11     | Noticed a red ugly thing
 10780 | D:11     | Killed a red ugly thing
 10884 | D:11     | Noticed a brown ugly thing
 10891 | D:11     | Killed a brown ugly thing
 11001 | D:11     | Noticed Maurice
 11013 | D:11     | Killed Maurice
 11014 | D:11     | Reached skill level 14 in Maces & Flails
 11038 | D:11     | Noticed a centaur warrior
 11047 | D:11     | Killed a centaur warrior
 11127 | D:11     | Noticed a boulder beetle
 11127 | D:11     | Noticed Psyche
 11130 | D:11     | Killed Psyche
 11137 | D:11     | Killed a boulder beetle
 11138 | D:11     | Reached skill level 1 in Stealth
 11147 | D:11     | Noticed a purple ugly thing
 11154 | D:11     | Killed a purple ugly thing
 11164 | D:11     | Noticed an eight-headed hydra
 11168 | D:11     | Killed an eight-headed hydra
 11230 | D:11     | Noticed a centaur warrior
 11230 | D:11     | Noticed a cyan ugly thing
 11230 | D:11     | Noticed a two-headed ogre
 11230 | D:11     | Noticed a boulder beetle
 11239 | D:11     | Reached skill level 15 in Maces & Flails
 11255 | D:11     | Reached XP level 12. HP: 94/110 MP: 16/16
 11276 | D:11     | Killed a two-headed ogre
 11278 | D:11     | Killed a boulder beetle
 11402 | D:11     | Noticed a two-headed ogre
 11402 | D:11     | Noticed a boulder beetle
 11408 | D:11     | Killed a two-headed ogre
 11414 | D:11     | Killed a boulder beetle
 11432 | D:11     | a tyrant leech changed into an ice dragon
 11432 | D:11     | Noticed an ice dragon (glowing shapeshifter)
 11434 | D:11     | an ice dragon changed into a radroach
 11434 | D:11     | Noticed a radroach (glowing shapeshifter)
 11437 | D:11     | a radroach changed into a slime creature
 11440 | D:11     | a slime creature changed into a two-headed ogre
 11440 | D:11     | Noticed a two-headed ogre (glowing shapeshifter)
 11441 | D:11     | a two-headed ogre changed into an orb spider
 11444 | D:11     | Reached skill level 16 in Maces & Flails
 11480 | D:11     | Noticed a boulder beetle
 11502 | D:11     | Killed a boulder beetle
 11623 | D:11     | Killed a centaur warrior
 12425 | D:11     | Noticed Nergalle
 12431 | D:11     | Killed Nergalle
 12653 | D:11     | You fall into a shaft and drop 2 floors!
 12654 | D:13     | Noticed a boulder beetle
 12665 | D:13     | Killed a boulder beetle
 12704 | D:13     | Reached XP level 13. HP: 121/122 MP: 18/18
 12737 | D:13     | Reached skill level 10 in Armour
 12742 | D:13     | HP: 1/123 [tengu warrior/+3 great mace (17)]
 12742 | D:13     | Slain by a manticore

Illustrated notes

Levels and vault maps discovered:
D:1:      shiori_shiawase, layout_rooms, st_stairs_9
D:2:      layout_basic, ebering_ecumenical_altar_mist
D:3:      layout_loops_corners, xom_redecorated, uniq_terence
D:4:      layout_loops_ring, grunt_gozag_breadcrumbs,
          mainiacjoe_overflow_divided_tiny
D:5:      layout_basic, hellmonk_okawaru_the_only_friend_you_need,
          minmay_temple_entry_proselytizer, gup_sewer_entry_pipe
D:6:      layout_loops_corners
D:7:      layout_loops_ring, enter_ossuary_4, sigmund_army
D:8:      layout_loops_corners, nicolae_wu_jian_glorious_leap,
          nemelex_xobeh_ov_fountains_minmay,
          nicolae_uskayaw_murder_on_the_dancefloor
D:9:      layout_layer_cave, nicolae_overflow_hidden_temple,
          general_overflow_altar, kennysheep_generic_room_3
D:10:     layout_cave_pools, hiddenorc1_lemuel, ebering_ghost_funeral_grove
D:11:     nzn_winding_woodlands_huge [nzn_winding_woodlands_5x15_zeroes,
          nzn_winding_woodlands_5x15_pockets,
          nzn_winding_woodlands_5x15_sidewinder,
          nzn_winding_woodlands_5x15_parted, nzn_winding_woodlands_5x15_default,
          nzn_winding_woodlands_5x15_river_crossing,
          nzn_winding_woodlands_5x15_eye, nzn_winding_woodlands_5x15_longhouse,
          nzn_winding_woodlands_5x15_jagged, nzn_winding_woodlands_5x15_twine,
          nzn_winding_woodlands_center_garden,
          nzn_winding_woodlands_center_pierced_h,
          nzn_winding_woodlands_15x15_eel_pit], layout_layer_cave,
          kennysheep_generic_room_10, uniq_urug, uniq_psyche, uniq_nergalle,
          uniq_maurice
D:13:     layout_cave_pools, grunt_vaults_entry_tiered, minmay_misc_feat_iff
Temple:   chequers_temple_sunken

Skill      XL: |  1  2  3  4  5  6  7  8  9 10 11 12 13 |
---------------+----------------------------------------+-----
Armour         | 4 5 7 8 9 10 | 10.0
Fighting       | 4 5 6 7 8 10 11 13 | 13.6
Maces & Flails | 3 4 5 6 7 9 11 13 15 16 | 16.0
Shields        | 4 5 6 7 8 9 |  9.4
Dodging        | 1 2 3 |  3.6
Invocations    | 3 5 7 8 |  8.7
Stealth        | 1 |  1.1

Action                   |  1- 3 |  4- 6 |  7- 9 | 10-12 | 13-15 || total
-------------------------+-------+-------+-------+-------+-------++-------
Melee: Flail             |    63 |   143 |   410 |   125 |       ||   741
       Headbutt          |    11 |    12 |    47 |   101 |     2 ||   173
       Eveningstar       |       |       |       |   215 |       ||   215
       Morningstar       |       |       |       |    67 |    17 ||    84
Invok: Lesser Servant of |       |       |       |     5 |       ||     5
       Minor Destruction |       |       |       |    16 |       ||    16
Evoke: Wand              |       |       |       |     1 |       ||     1
  Use: Scroll            |       |       |    12 |     2 |       ||    14
       Potion            |       |       |       |       |     1 ||     1
 Stab: Distracted        |       |       |       |     1 |       ||     1
Armor: Scale mail        |    13 |       |       |       |       ||    13
       Chain mail        |     7 |    65 |   166 |   128 |    12 ||   378
Dodge: Dodged            |    27 |    89 |   201 |   187 |    18 ||   522
Block: Buckler           |    12 |    40 |   115 |   177 |    21 ||   365
       Reflection        |       |       |       |    12 |     2 ||    14

Table legend: (Time is in decaauts)
 A = Elapsed time spent in this place.
 B = Non-inter-level travel time spent in this place.
 C = Inter-level travel time spent in this place.
 D = Time resting spent in this place.
 E = Time spent auto-exploring this place.
 F = Levels seen in this place.
 G = Mean time per level.
                   A        B        C        D        E       F      G
               +--------+--------+--------+--------+--------+-----+--------+
         Total |  12770 |  11888 |    882 |    229 |   9130 |  15 |  851.3 |
       Dungeon |  11681 |  10805 |    876 |    229 |   8539 |  12 |  973.4 |
        Temple |    301 |    296 |      5 |      0 |    290 |   1 |  301.0 |
         Sewer |    452 |    452 |      0 |      0 |    248 |   1 |  452.0 |
       Ossuary |    335 |    335 |      0 |      0 |     52 |   1 |  335.0 |
               +--------+--------+--------+--------+--------+-----+--------+

Top non-repeatable levels by time:
    D:11: 2335 daAuts
     D:9: 1322 daAuts
     D:6: 1293 daAuts
     D:8: 1081 daAuts
     D:4: 964 daAuts
     D:7: 917 daAuts
     D:5: 901 daAuts
     D:3: 870 daAuts
    D:10: 818 daAuts
     D:2: 662 daAuts
   Sewer: 452 daAuts
     D:1: 424 daAuts
 Ossuary: 335 daAuts
  Temple: 301 daAuts
    D:13: 89 daAuts
